 Dungeon Crawl Stone Soup version 0.21.1-1-g345015f (webtiles) character file.

8540 glosham the Quickloader (level 11, -10/73 HPs)
             Began as a Kobold Artificer on May 18, 2018.
             Was a High Priest of Okawaru.
             Mangled by a yak (12 damage)
             ... on level 11 of the Dungeon.
             The game lasted 02:13:26 (7251 turns).

glosham the Quickloader (Kobold Artificer)          Turns: 7251, Time: 02:13:27

Health: -10/73     AC: 15    Str: 13    XL:     11   Next: 57%
Magic:  15/15      EV: 20    Int: 17    God:    Okawaru [*****.]
Gold:   345        SH:  0    Dex: 16    Spells: 8/10 levels left

rFire    . . .     SeeInvis .   a - +5 quarterstaff (chaos)
rCold    . . .     Gourm    .   (shield currently unavailable)
rNeg     . . .     Faith    .   X - +0 scale mail
rPois    .         Spirit   .   U - +0 helmet
rElec    .         Reflect  .   Y - +1 cloak
rCorr    .         Harm     .   V - +0 pair of gloves
MR       .....                  W - +1 pair of boots {Stlth+}
Stlth    +++.......             (no amulet)
HPRegen  0.22/turn              A - +5 ring of intelligence
MPRegen  0.14/turn              (no ring)

@: heroism
A: small, carnivore
a: Heroism, Finesse, Renounce Religion


You were on level 11 of the Dungeon.
You worshipped Okawaru.
Okawaru was extremely pleased with you.
You were completely stuffed.

You visited 2 branches of the dungeon, and saw 12 of its levels.

You collected 596 gold pieces.
You spent 251 gold pieces at shops.

Inventory:

Hand Weapons
 a - a +5 quarterstaff of chaos (weapon)
 b - a +0 dagger of electrocution
 c - a +0 arbalest
 d - a +0 hunting sling
 G - a +1 dagger of holy wrath
Missiles
 w - 145 sling bullets
 z - 81 bolts
 B - 2 tomahawks (quivered)
 H - a throwing net
Armour
 C - a +0 chain mail
 E - a +0 plate armour
 M - a +0 leather armour of magic resistance
 U - a +0 helmet (worn)
 V - a +0 pair of gloves (worn)
 W - a +1 pair of boots of stealth (worn)
 X - a +0 scale mail (worn)
 Y - a +1 cloak (worn)
Jewellery
 A - a +5 ring of intelligence (left hand)
Wands
 g - a wand of digging (18)
 h - a wand of flame (4)
 x - a wand of clouds (2)
Scrolls
 j - 2 scrolls of fog
 k - 4 scrolls of teleportation
 n - a scroll of fear
 y - a scroll of remove curse
 D - 2 scrolls of immolation
Potions
 f - a potion of mutation {unknown}
 l - 2 potions of brilliance
 m - 3 potions of lignification
 o - 2 potions of resistance
 p - 3 potions of heal wounds
 r - a potion of magic {unknown}
 s - a potion of invisibility
 t - 4 potions of curing
 u - 6 potions of haste
 v - 2 potions of agility
 F - a potion of degeneration {unknown}
Books
 I - a book of Minor Magic

   Spells                             Type                      Level
   a - Magic Dart                     Conjuration                  1
   b - Blink                          Translocation                2
   c - Call Imp                       Summoning                    2
   d - Slow                           Hexes                        2
   e - Conjure Flame                  Conjuration/Fire             3
   f - Mephitic Cloud                 Conjuration/Poison/Air       3
Miscellaneous
 q - a phial of floods
Comestibles
 e - 17 rations
 i - 5 chunks of flesh


   Skills:
 - Level 10.9(15.9) Fighting
 - Level 1.3(6.3) Short Blades
 * Level 11.1(16.1) Crossbows
 - Level 3.4(8.4) Armour
 - Level 9.1(14.1) Dodging
 - Level 1.3(6.3) Stealth
 - Level 6.6 Invocations
 - Level 3.6 Evocations


You had 8 spell levels left.
You knew the following spells:

 Your Spells              Type           Power        Failure   Level  Hunger
b - Blink                 Tloc           N/A          78%         2    ###....


Dungeon Overview and Level Annotations

Branches:
Dungeon (11/15)            Temple (1/1) D:5            Lair (0/6) D:8
    Orc (0/2) D:10

Altars:
Ashenzari
Cheibriados
Dithmenos
Elyvilon
Fedhas
Gozag
Hepliaklqana
Kikubaaqudgha
Makhleb
Nemelex Xobeh
Okawaru
Qazlal
Ru
Sif Muna
Trog
Uskayaw
Vehumet
Wu Jian
Xom
Yredelemnul
Zin
The Shining One

Shops:
D:4 [?(=


Innate Abilities, Weirdness & Mutations

You are small and have problems with some larger weapons.
You are carnivorous and can eat meat at any time.


Message History

You closely miss the yak.
The yak is moderately wounded.
The yak completely misses you.
You barely miss the yak.
The yak is moderately wounded.
The yak misses you.
You hit the yak but do no damage.
The yak is moderately wounded.
The yak closely misses you.
You sock the yak! You freeze the yak.
The yak is severely wounded.
The yak closely misses you.
You sock the yak!
The yak looks as sick as possible!
The yak is almost dead.
You kill the yak!
Okawaru accepts your kill. Something appears at your feet!
Okawaru grants you ammunition!
You hit the yak.
Space warps horribly around the yak!
The yak is moderately wounded.
The yak completely misses you.
Some of the chunks of flesh in your inventory have rotted away.
You thump the yak!
The yak goes berserk!
The yak is heavily wounded.
The yak barely misses you. The yak gores you.
Evoke which item? (* to show all) (? for menu, Esc to quit)
Aiming: Cloud Cone
Press: ? - help, Dir - move target cursor, f - yak
Aim: a yak (moderately wounded, berserk, fast, unusually strong)
You create a blast of poison gas!
The yak is engulfed in poison gas.
The yak is poisoned.
The yak closely misses you.
The yak is engulfed in poison gas.
The yak is poisoned.
You sock the yak!
The yak twitches.
The yak is heavily wounded.
The yak is engulfed in poison gas.
The yak looks even sicker.
The yak gores you!!
* * * LOW HITPOINT WARNING * * *
The yak is engulfed in poison gas.
The yak looks even sicker.
The yak is engulfed in poison gas.
The yak looks even sicker.
The yak gores you!
You die...

..#..........#...#......#
###..........#####......#
........................#
........................#
........................#
..............).........#
#######'########.########
.....[.........#÷#
...............#@#
....#######....#Y#######
....#.....#....#Y§.....#
....'.....'....#§§....##
....#.....#....#§§§...#
....#######....#......#
...............#........
...............#........#
#######+########.Y......#


You could see 2 yaks.

Vanquished Creatures
  Nergalle (D:10)
  An ugly thing (D:11)
  3 trolls
  A hornet (D:10)
  2 hippogriffs (D:11)
  A spriggan (D:7)
  8 yaks
  A hungry ghost (D:11)
  A water moccasin (D:9)
  Duvessa (D:6)
  2 orc warriors
  3 ice beasts
  A black bear (D:8)
  A necrophage (D:6)
  4 ogres
  2 phantoms (D:4)
  5 centaurs
  A crocodile (D:11)
  A big kobold (D:7)
  5 bullfrogs
  Dowan (D:6)
  9 killer bees
  A howler monkey (D:8)
  2 crimson imps
  6 quasits
  3 hounds
  3 orc priests
  Crazy Yiuf (D:2)
  A jelly (D:6)
  6 orc wizards
  A bullfrog skeleton (D:5)
  A centaur skeleton (D:9)
  Terence (D:2)
  3 iguanas
  15 worker ants
  2 killer bee zombies
  A worker ant zombie (D:9)
  Robin (D:3)
  4 gnolls (D:6)
  12 adders
  A shadow imp (D:5)
  2 oozes
  An adder zombie (D:8)
  3 adder skeletons
  2 worms
  2 dart slugs
  2 leopard geckos
  35 orcs
  2 ball pythons (D:3)
  3 bats
  8 giant cockroaches
  13 goblins
  8 hobgoblins
  17 jackals
  3 quokkas
  3 frilled lizards
  7 kobolds
  A leopard gecko zombie (D:5)
  A quokka zombie (D:8)
  4 rats
  A butterfly (D:11)
238 creatures vanquished.

Vanquished Creatures (collateral kills)
  A yak (D:10)
  An orc warrior (D:10)
  4 killer bees (D:8)
  An ogre (D:10)
  A quasit (D:10)
  A jelly (D:10)
  An adder (D:11)
  A worm (D:2)
  6 orcs
  A ball python (D:2)
18 creatures vanquished.

Vanquished Creatures (others)
  A two-headed ogre (D:8)
  The ghost of Setanta the Chopper, a novice DgFi (D:5)
  A killer bee (D:8)
  A quasit (D:9)
4 creatures vanquished.

Grand Total: 260 creatures vanquished

Notes
Turn   | Place    | Note
-------+----------+-------------------------------------------
     0 | D:1      | glosham the Kobold Artificer began the quest for the Orb.
     0 | D:1      | Reached XP level 1. HP: 12/12 MP: 3/3
    51 | D:2      | Found a runed door.
    55 | D:2      | Noticed Crazy Yiuf
    57 | D:2      | Killed Crazy Yiuf
    57 | D:2      | Reached skill level 3 in Fighting
    57 | D:2      | Reached XP level 2. HP: 19/19 MP: 4/4
    57 | D:2      | Reached XP level 3. HP: 23/23 MP: 5/5
    90 | D:2      | Noticed Terence
   133 | D:2      | Killed Terence
   133 | D:2      | Reached skill level 4 in Fighting
   133 | D:2      | Reached XP level 4. HP: 29/29 MP: 6/6
   404 | D:3      | Reached skill level 1 in Armour
   482 | D:3      | Reached XP level 5. HP: 34/34 MP: 7/7
   682 | D:4      | Found Teul's Jewellery Boutique.
   688 | D:4      | Noticed an ogre
   693 | D:4      | Killed an ogre
   693 | D:4      | Reached skill level 5 in Fighting
   693 | D:4      | Reached XP level 6. HP: 41/41 MP: 8/8
   859 | D:4      | Found Nagukaw's Weapon Shoppe.
   873 | D:4      | Found Jiomukle's Antique Armour Shoppe.
   897 | D:4      | Reached skill level 6 in Fighting
   914 | D:4      | Noticed a phantom
   993 | D:4      | Killed a phantom
  1007 | D:4      | Killed a phantom
  1007 | D:4      | Reached skill level 7 in Fighting
  1007 | D:4      | Reached XP level 7. HP: 33/48 MP: 9/9
  1092 | D:4      | Found Goehet's Magic Scroll Shop.
  1198 | D:5      | Entered Level 5 of the Dungeon
  1278 | D:5      | Found a staircase to the Ecumenical Temple.
  1281 | D:5      | Noticed Setanta's ghost (novice DgFi)
  1299 | D:5      | Your ally Setanta died
  1337 | Temple   | Entered the Ecumenical Temple
  1370 | Temple   | Became a worshipper of Warmaster Okawaru
  1431 | D:5      | Reached skill level 8 in Fighting
  1591 | D:3      | Noticed Robin
  1608 | D:3      | Killed Robin
  2446 | D:3      | Reached skill level 3 in Dodging
  2626 | D:4      | Bought a pair of runed boots for 157 gold pieces
  2688 | D:6      | Reached XP level 8. HP: 55/55 MP: 10/10
  2705 | D:6      | Reached * piety under Okawaru
  2705 | D:6      | Reached skill level 4 in Dodging
  2715 | D:6      | Reached skill level 5 in Dodging
  2779 | D:5      | Reached skill level 1 in Invocations
  2917 | D:5      | Reached skill level 9 in Fighting
  2917 | D:5      | Reached skill level 2 in Invocations
  3145 | D:5      | Reached skill level 6 in Dodging
  3486 | D:7      | Reached skill level 3 in Invocations
  3486 | D:7      | Reached XP level 9. HP: 18/60 MP: 11/11
  3591 | D:7      | Reached ** piety under Okawaru
  3644 | D:6      | Reached skill level 7 in Dodging
  3644 | D:6      | Reached skill level 4 in Invocations
  3723 | D:6      | Reached skill level 2 in Armour
  4042 | D:6      | Noticed Duvessa
  4042 | D:6      | Noticed Dowan
  4049 | D:6      | Killed Duvessa
  4049 | D:6      | Reached skill level 10 in Fighting
  4071 | D:6      | Killed Dowan
  4299 | D:7      | Found a shattered altar of Ashenzari.
  4424 | D:7      | Reached skill level 5 in Invocations
  4724 | D:4      | Bought a pair of gloves for 94 gold pieces
  4914 | D:8      | Noticed a two-headed ogre
  4925 | D:8      | Banished a two-headed ogre
  4925 | D:8      | Reached skill level 3 in Armour
  4925 | D:8      | Reached skill level 8 in Dodging
  4925 | D:8      | Reached XP level 10. HP: 34/68 MP: 12/14
  4947 | D:8      | Reached *** piety under Okawaru
  5011 | D:8      | Reached skill level 6 in Invocations
  5046 | D:8      | Found a snail-covered altar of Cheibriados.
  5230 | D:8      | Found a staircase to the Lair.
  5382 | D:8      | Reached skill level 9 in Dodging
  5427 | D:9      | Reached **** piety under Okawaru
  5560 | D:9      | Reached skill level 1 in Crossbows
  5619 | D:9      | Reached skill level 2 in Crossbows
  5825 | D:9      | Reached skill level 3 in Crossbows
  5874 | D:9      | Reached skill level 4 in Crossbows
  5913 | D:9      | Found a burning altar of Makhleb.
  5945 | D:10     | Entered Level 10 of the Dungeon
  5956 | D:10     | Noticed Nergalle
  5972 | D:10     | Killed Nergalle
  5972 | D:10     | Received a gift from Okawaru
  5972 | D:10     | Reached skill level 6 in Crossbows
  6090 | D:10     | Reached XP level 11. HP: 73/73 MP: 15/15
  6130 | D:10     | Found a staircase to the Orcish Mines.
  6223 | D:10     | Reached skill level 7 in Crossbows
  6249 | D:10     | Reached skill level 8 in Crossbows
  6254 | D:10     | HP: 1/73 [yak (12)]
  6472 | D:10     | Reached skill level 9 in Crossbows
  6476 | D:10     | Learned a level 2 spell: Blink
  6672 | D:11     | Noticed a cyan ugly thing
  6688 | D:11     | Killed a cyan ugly thing
  6688 | D:11     | Reached skill level 10 in Crossbows
  6723 | D:11     | Received a gift from Okawaru
  6864 | D:11     | Found a runed door.
  6872 | D:11     | Found a runed door.
  7241 | D:11     | Reached ***** piety under Okawaru
  7241 | D:11     | Reached skill level 11 in Crossbows
  7247 | D:11     | Received a gift from Okawaru
  7251 | D:11     | HP: 2/73 [yak (20)]
  7251 | D:11     | Mangled by a yak

Skill      XL: |  1  2  3  4  5  6  7  8  9 10 11 |
---------------+----------------------------------+-----
Fighting       | 3 4 5 7 8 9 10 | 10.9
Armour         | 1 3 |  3.4
Dodging        | 3 6 8 9 |  9.1
Invocations    | 3 5 6 |  6.6
Crossbows      | 6 11 | 11.1
Short Blades   | |  1.3
Stealth        | |  1.3
Evocations     | |  3.6

Action                   |  1- 3 |  4- 6 |  7- 9 | 10-12 || total
-------------------------+-------+-------+-------+-------++-------
Melee: Short sword       |     4 |       |       |       ||     4
       Quarterstaff      |     6 |    96 |   360 |   369 ||   831
Invok: Heroism           |       |       |       |     7 ||     7
Evoke: Wand              |     6 |       |    12 |    24 ||    42
  Use: Scroll            |       |     5 |    11 |     3 ||    19
       Potion            |       |       |     2 |       ||     2
 Stab: Sleeping          |       |       |     1 |     1 ||     2
       Confused          |       |       |       |     1 ||     1
       Paralysed         |       |       |       |     1 ||     1
       Petrified         |       |       |       |     2 ||     2
       Distracted        |       |       |       |     1 ||     1
  Eat: Chunk             |       |     9 |    11 |    13 ||    33
Armor: Scale mail        |       |    39 |   265 |   166 ||   470
Dodge: Dodged            |     9 |    50 |   339 |   407 ||   805

Table legend:
 A = Turns spent in this place as a percentage of turns spent in the entire game.
 B = Non-inter-level travel turns spent in this place as a percentage of non-inter-level travel turns spent in the entire game.
 C = Inter-level travel turns spent in this place as a percentage of turns spent in this place.
 D = Turns resting spent in this place as a percentage of non-inter-level travel turns spent in this place.
 E = Turns spent auto-exploring this place as a percentage of non-inter-level travel turns spent in this place.
 F = Non-inter-level travel turns spent in this place divided by the number of levels of this place that you've seen.
                   A       B       C       D       E      F
               +-------+-------+-------+-------+-------+----------------------
         Total | 100.0 | 100.0 |   9.6 |   0.4 |   2.2 | 546.2
       Dungeon |  99.0 |  99.1 |   9.6 |   0.4 |   2.2 | 590.4
        Temple |   1.0 |   0.9 |  14.1 |   0.0 |   0.0 |  61.0
               +-------+-------+-------+-------+-------+----------------------

Table legend:
 A = Kills in this place as a percentage of kills in entire the game.
 B = Kills by you in this place as a percentage of kills by you in the entire game.
 C = Kills by friends in this place as a percentage of kills by friends in the entire game.
 D = Other kills in this place as a percentage of other kills in the entire game.
 E = Experience gained in this place as a percentage of experience gained in the entire game.
 F = Experience gained in this place divided by the number of levels of this place that you have seen.
                   A       B       C       D       E      F
               +-------+-------+-------+-------+-------+----------------------
         Total | 100.0 | 100.0 | 100.0 | 100.0 | 100.0 | 1016.8
       Dungeon | 100.0 | 100.0 | 100.0 | 100.0 | 100.0 | 1109.2
               +-------+-------+-------+-------+-------+----------------------

Vault maps used:
D:1:      ncdulo_lavacross
D:2:      uniq_terence, uniq_crazy_yiuf_cottage
D:3:      minmay_misc_feat_chi, uniq_robin
D:4:      first_ration, serial_shops, shop, shop, nicolae_shop_trees, shop
D:5:      minmay_temple_entry_junction_2
D:6:      uniq_duvessa
D:7:      nicolae_ashenzari_panopticon, corexii_leaking_fountain,
          minmay_misc_feat_cross, the_bakery
D:8:      lair_entry_dummy, basic_altar
D:9:      basic_altar
D:10:     orc_0_dummy, uniq_nergalle
D:11:     lemuel_insect_pit, serial_glass, glass_columns_b, glass_columns_a
Temple:   compressed_dpeg_circular_temple
